 Dungeon Crawl Stone Soup version 0.30-a0-986-g7f2e898f52 (webtiles) character file.

Game seed: 16195538885328192053

423 Dirian the Slasher (level 6, -6/53 HPs)
             Began as a Minotaur Fighter on Apr 1, 2023.
             Mangled by a gnoll
             ... wielding a +0 club
              (7 damage)
             ... on level 4 of the Dungeon.
             The game lasted 00:04:54 (3590 turns).

Dirian the Slasher (Minotaur Fighter)               Turns: 3590, Time: 00:04:55

Health: -6/53      AC: 13    Str: 23    XL:     6   Next: 63%
Magic:  5/5        EV:  9    Int:  5    God:
Gold:   211        SH:  4    Dex:  9    Spells: 5/5 levels left

rFire   . . .      SeeInvis .    a - +1 long sword
rCold   . . .      Faith    .    c - +0 buckler
rNeg    . . .      Spirit   .    b - +0 scale mail
rPois   .          Reflect  .    (helmet restricted)
rElec   .          Rampage  .    d - +0 cloak
rCorr   .                        s - +0 pair of gloves
Will    .....                    j - +2 pair of boots Stlth
                                 (no amulet)
HPRegen 0.28/turn                (no ring)
MPRegen 0.09/turn                (no ring)

@: no status effects
A: horns 2, retaliatory headbutt
a: no special abilities


You were on level 4 of the Dungeon.
You visited 1 branch of the dungeon, and saw 5 of its levels.

You collected 211 gold pieces.

Inventory:

Hand Weapons
 a - a +1 long sword (weapon)
 u - a +0 hand axe of flaming
Missiles
 h - a throwing net
 n - 2 javelins (quivered)
Armour
 b - a +0 scale mail (worn)
 c - a +0 buckler (worn)
 d - a +0 cloak (worn)
 j - a +2 pair of boots (worn)
 s - a +0 pair of gloves (worn)
Scrolls
 f - 2 scrolls of enchant weapon
 l - a scroll of immolation
 t - a scroll of teleportation
 z - a scroll of blinking
Potions
 e - a potion of attraction
 g - 3 potions of mutation
 i - 2 potions of cancellation
 k - 3 potions of berserk rage
 m - a potion of lignification
 q - 2 potions of curing


   Skills:
 + Level 4.7 Fighting
 + Level 6.1 Long Blades
 + Level 5.5 Armour
 + Level 4.7 Shields


You had 5 spell levels left.
You didn't know any spells.
Your spell library contained the following spells:

 Spells                   Type           Power      Damage    Failure   Level
 Apportation              Tloc           0%         N/A       86%         1
 Magic Dart               Conj           0%         1d3       86%         1
 Shock                    Conj/Air       0%         1d3       86%         1
 Slow                     Hex            0%         N/A       86%         1
 Call Imp                 Summ           0%         N/A       94%         2
 Confusing Touch          Hex            0%         N/A       99%         3
 Kindle Blastsparks       Fire/Tloc/Air  0%         2d10      99%         3
 Mephitic Cloud           Conj/Pois/Air  0%         N/A       99%         3
 Swiftness                Air            0%         N/A       99%         3
 Vampiric Draining        Necr           0%         2d6       99%         3
 Airstrike                Air            0%         2d(0-16)  100%        4
 Fulminant Prism          Conj/Hex       0%         3d5       100%        4
 Iskenderun's Mystic Bla  Conj/Tloc      0%         2d3       100%        4
 Alistair's Intoxication  Tmut/Pois      0%         N/A       100%        5
 Lee's Rapid Deconstruct  Erth           0%         3d4*      100%        5


Dungeon Overview and Level Annotations

Branches:
Dungeon (5/15) Zot: 26349
 Temple: D:4-7

Altars:
Cheibriados
Dithmenos
Hepliaklqana
Nemelex Xobeh

Annotations:
D:5 Grinder


Innate Abilities, Weirdness & Mutations

You have a pair of horns on your head.
You reflexively headbutt those who attack you in melee.


Message History

You kill the orc!
You block the gnoll's attack. The gnoll hits you with a +0 flail.
The orc hits you but does no damage. The gnoll hits you with a +0 flail.
* * * LOW HITPOINT WARNING * * *
The gnoll hits you but does no damage. The orc hits you but does no damage.
You climb upwards.
There is a stone staircase leading down here.
You hit the orc.
The orc is almost dead.
You block the gnoll's attack. The orc misses you.
The gnoll hits you but does no damage.
You hit the orc.
You kill the orc!
The gnoll hits you but does no damage. The gnoll barely misses you.
You hit the gnoll.
The gnoll is lightly wounded.
The gnoll closely misses you. The gnoll hits you with a +0 club!
* * * LOW HITPOINT WARNING * * *
You barely miss the gnoll.
The gnoll is lightly wounded.
The gnoll hits you but does no damage. You block the gnoll's attack.
You barely miss the gnoll.
The gnoll is lightly wounded.
The gnoll hits you with a +0 flail.
* * * LOW HITPOINT WARNING * * *
The gnoll hits you with a +0 club.
* * * LOW HITPOINT WARNING * * *
You closely miss the gnoll.
The gnoll is lightly wounded.
The gnoll hits you but does no damage. x2; You block the gnoll's attack.
The gnoll barely misses you.
You closely miss the gnoll.
The gnoll is lightly wounded.
The gnoll barely misses you. The gnoll hits you with a +0 club.
* * * LOW HITPOINT WARNING * * *
You hit the gnoll.
The gnoll is heavily wounded.
The gnoll hits you but does no damage. The gnoll hits you with a +0 club!
You die...

#..#.##.# #.####.##.####
#.......# #......##.# #.###.#.#
#########.# #.###.#.##########
#.# #.......##.......# #.#
#####.####.......# #.#### ###.#
#.......# #....# ##.#.#
#.......#######.#### ##<#..#
#.....@)##...<.....#
##.###.####....g.g##.#.##.##.#
#.## ##...........##.#.##.##.#
##.###.#.###########.#....##.#
##.#.##.# #.#.##.##.# ##.###.#
#.#.##.##.# # #.# #.#########
#.........#### #.# #.........#
###.###......#
###.###.###.....#####.###.#.##.#


You could see 2 gnolls.

Vanquished Creatures
  A scorpion (D:3)
  Crazy Yiuf (D:3)
  2 hounds (D:4)
  Terence (D:3)
  An iguana (D:4)
  An orc wizard (D:3)
  6 gnolls
  4 adders
  A worm (D:2)
  2 dart slugs (D:1)
  8 orcs
  6 bats
  10 endoplasms
  4 giant cockroaches
  6 goblins
  7 hobgoblins
  4 jackals (D:2)
  3 quokkas
  9 ball pythons
  3 frilled lizards (D:2)
  7 kobolds
  12 rats
99 creatures vanquished.

Vanquished Creatures (others)
  A fungus (D:3)
  A plant (D:2)
2 creatures vanquished.

Grand Total: 101 creatures vanquished

Notes
Turn   | Place    | Note
-------+----------+-------------------------------------------
     0 | D:1      | Dirian the Minotaur Fighter began the quest for the Orb.
     0 | D:1      | Reached XP level 1. HP: 19/19 MP: 0/0
   215 | D:1      | Reached XP level 2. HP: 27/27 MP: 1/1
   524 | D:1      | Reached XP level 3. HP: 33/33 MP: 2/2
   825 | D:2      | Reached skill level 3 in Long Blades
   974 | D:2      | Found a faded altar of an unknown god.
  1251 | D:2      | Reached XP level 4. HP: 40/40 MP: 3/3
  1737 | D:3      | Found a sparkling altar of Nemelex Xobeh.
  1898 | D:3      | Reached skill level 4 in Long Blades
  2103 | D:3      | Reached XP level 5. HP: 44/47 MP: 4/4
  2461 | D:3      | Reached skill level 5 in Armour
  2498 | D:3      | Noticed Terence
  2517 | D:3      | Killed Terence
  2518 | D:3      | Reached skill level 5 in Long Blades
  2683 | D:3      | Found a runed translucent door.
  2684 | D:3      | Noticed Crazy Yiuf
  2689 | D:3      | Killed Crazy Yiuf
  2821 | D:4      | Reached XP level 6. HP: 49/53 MP: 5/5
  2923 | D:4      | Found a hazy altar of Hepliaklqana.
  2923 | D:4      | Found a shadowy altar of Dithmenos.
  2924 | D:4      | Found a snail-covered altar of Cheibriados.
  3110 | D:4      | Reached skill level 6 in Long Blades
  3529 | D:5      | Entered Level 5 of the Dungeon
  3579 | D:5      | Noticed Grinder
  3589 | D:4      | HP: 1/53 [gnoll/+0 club (5)]
  3590 | D:4      | Mangled by a gnoll

Illustrated notes

Levels and vault maps discovered:
D:1:      nzn_arrival_depleted_hourglass, layout_loops_ring, minmay_pentomino_t4
D:2:      layout_loops_ring, dreamdust_ecumenical_altar_grove
D:3:      minmay_razor_zed, layout_basic, lemuel_doored_altar,
          uniq_crazy_yiuf_cottage, uniq_terence
D:4:      layout_loops_cross, chequers_temple_overflow_statue_of_worship
D:5:      layout_basic, old_standard_altar, minivault_25,
          minmay_misc_feat_secret_circle, nrook_mini_backslash, uniq_grinder,
          uniq_ijyb

Skill      XL: |  1  2  3  4  5  6 |
---------------+-------------------+-----
Armour         | 4 5 |  5.5
Fighting       | 4 |  4.7
Shields        | 4 |  4.7
Long Blades    | 3 4 5 6 |  6.1

Action                     |  1- 3 |  4- 6 || total
---------------------------+-------+-------++-------
  Melee: Long sword        |    93 |   154 ||   247
         Headbutt          |    11 |    21 ||    32
    Use: Scroll            |       |    14 ||    14
         Potion            |       |     1 ||     1
 Armour: Scale mail        |    29 |    81 ||   110
  Dodge: Dodged            |    46 |    68 ||   114
  Block: Buckler           |    21 |    32 ||    53

Table legend: (Time is in decaauts)
 A = Elapsed time spent in this place.
 B = Non-inter-level travel time spent in this place.
 C = Inter-level travel time spent in this place.
 D = Time resting spent in this place.
 E = Time spent auto-exploring this place.
 F = Levels seen in this place.
 G = Mean time per level.
                   A        B        C        D        E       F      G
               +--------+--------+--------+--------+--------+-----+--------+
         Total |   3649 |   3406 |    243 |     28 |   2709 |   5 |  729.8 |
       Dungeon |   3649 |   3406 |    243 |     28 |   2709 |   5 |  729.8 |
               +--------+--------+--------+--------+--------+-----+--------+

Top non-repeatable levels by time:
     D:3: 1328 daAuts
     D:1: 828 daAuts
     D:4: 789 daAuts
     D:2: 677 daAuts
     D:5: 25 daAuts
